 Dungeon Crawl Stone Soup version 0.25.1-2-g60ff931df9 (webtiles) character file.

Game seed: 13429434665669030549

9685 hawla the Thaumaturge (level 11, -2/80 HPs)
             Began as a Purple Draconian Conjurer on Nov 30, 2020.
             Killed from afar by Erica (19 damage)
             ... with a lance of force
             ... on level 10 of the Dungeon.
             The game lasted 00:34:17 (12742 turns).

hawla the Thaumaturge (Purple Draconian Conjurer)  Turns: 12742, Time: 00:34:17

Health: -2/80      AC: 10    Str: 11    XL:     11   Next: 26%
Magic:  16/32      EV: 14    Int: 24    God:
Gold:   410        SH:  0    Dex: 12    Spells: 25/32 levels left

rFire    . . .     SeeInvis +   w - +6 Majin-Bo {vamp, Archmagi MP+6 Int+6}
rCold    . . .     Gourm    .   (shield currently unavailable)
rNeg     . . .     Faith    .   (armour unavailable)
rPois    .         Spirit   .   (helmet restricted)
rElec    .         Reflect  .   u - +0 cloak
rCorr    .         Harm     .   r - +1 pair of gloves
MR       +....                  (no boots)
Stlth    ++........             l - amulet of regeneration
HPRegen  0.63/turn              q - ring of see invisible
MPRegen  0.23/turn              (no ring)

@: lethally poisoned (-2 -> -5), slowed, very slow
A: breathe power, unfitting armour, cold-blooded, AC +7
a: Breathe Dispelling Energy


You were on level 10 of the Dungeon.
You were not hungry.

You visited 2 branches of the dungeon, and saw 11 of its levels.

You collected 410 gold pieces.

Inventory:

Hand Weapons
 w - the +6 Majin-Bo (weapon) {vamp, Archmagi MP+6 Int+6}
   (You found it on level 8 of the Dungeon)

   It inflicts no extra harm, but heals its wielder when it wounds a living foe.
   It affects your intelligence (+6).
   It affects your magic capacity (+6).
 y - the +8 Wrath of Trog {antimagic, *Rage}
   (You found it on level 6 of the Dungeon)

   It reduces the magical energy of the wielder, and disrupts the spells and
   magical abilities of those hit.
   Natural abilities and divine invocations are not affected.
   It may make you go berserk in combat.
Missiles
 a - 18 boomerangs
 f - 44 poisoned darts (quivered)
 A - 6 atropa-tipped darts
Armour
 r - a +1 pair of gloves (worn)
 u - a +0 cloak (worn)
Jewellery
 l - an amulet of regeneration (around neck)
 q - a ring of see invisible (left hand)
Wands
 o - a wand of iceblast (9)
 s - a wand of acid (12)
 C - a wand of random effects (20)
 F - a wand of flame (13)
Scrolls
 c - a scroll of holy word {unknown}
 g - 7 scrolls of remove curse
 h - a scroll of teleportation
 m - 3 scrolls of magic mapping
 p - 2 scrolls of enchant weapon
 v - 2 scrolls of amnesia
 D - a scroll of vulnerability {unknown}
 E - a scroll of blinking {unknown}
 G - a scroll of enchant armour {unknown}
Potions
 d - 2 potions of curing
 e - 4 potions of might
 j - 2 potions of brilliance
 k - 4 potions of haste {unknown}
 n - 3 potions of flight {unknown}
 t - a potion of resistance
 x - 2 potions of ambrosia
 z - a potion of invisibility
 B - a potion of magic {unknown}
Comestibles
 b - 26 rations
 i - 4 chunks of flesh


   Skills:
 + Level 2.4 Fighting
 + Level 4.6 Dodging
 + Level 3.1 Stealth
 + Level 11.4 Spellcasting
 + Level 10.1 Conjurations
 + Level 9.3 Translocations


You had 25 spell levels left.
You knew the following spells:

 Your Spells              Type           Power        Failure   Level  Hunger
a - Magic Dart            Conj           ####         1%          1    None
b - Searing Ray           Conj           ######       1%          2    None
c - Iskenderun's Mystic   Conj/Tloc      ######..     1%          4    None

Your spell library contained the following spells:

 Spells                   Type           Power        Failure   Level  Hunger
 Dazzling Flash           Conj/Hex       ######       1%          3    None
 Fulminant Prism          Conj/Hex       ######....   5%          4    None


Dungeon Overview and Level Annotations

Branches:
Dungeon (10/15)            Temple (1/1) D:7            Lair (0/6) D:8
    Orc (0/2) D:9

Altars:
Ashenzari
Cheibriados
Dithmenos
Elyvilon
Fedhas
Gozag
Hepliaklqana
Kikubaaqudgha
Makhleb
Nemelex Xobeh
Okawaru
Qazlal
Ru
Sif Muna
Trog
Uskayaw
Vehumet
Wu Jian
Xom
Yredelemnul
Zin
The Shining One

Shops:
D:6 [

Annotations:
D:7 3 runed translucent doors, Fractals's ghost, novice HOCK
D:10 Erica


Innate Abilities, Weirdness & Mutations

You can breathe bolts of dispelling energy.
Your rich purple scales are hard. (AC +7)
You cannot fit into any form of body armour.
You are cold-blooded and may be slowed by cold attacks.


Message History

The soldier ant poisons you!
Erica points at you and mumbles some strange words.
You feel yourself slow down.
Casting: Searing Ray (safe; 1% risk of failure)
Confirm with . or Enter, or press ? or * to list all spells.
You feel a surge of power!
You erupt in a blast of force!
The mystic blast hits Erica!
Erica is almost dead.
Erica is knocked back by the mystic blast.
The mystic blast hits the soldier ant!
The soldier ant is heavily wounded.
The soldier ant is knocked back by the mystic blast.
The mystic blast hits the centaur warrior zombie!
You destroy the centaur warrior zombie!
* * * LOW HITPOINT WARNING * * *
You feel very sick.
You feel sick. Erica gestures at you while chanting.
The lance of force hits you!!
You die...

.#######
......#
......##
#..$...#
#(.....#
......# .
#(?.#....
#@!@.....
.....[))†)##...
.......))a#
.##....).o..
##........#
...#.......
.............
.#.....##.....


You could see Erica, a soldier ant and an orc wizard (fast).

Vanquished Creatures
  2 two-headed ogres
  An unseen horror (D:9)
  A troll (D:9)
  3 hippogriffs
  14 yaks
  3 wyverns
  A basilisk (D:8)
  4 porcupines (D:8)
  2 black bears
  An orc warrior (D:8)
  2 sky beasts
  An ice beast (D:5)
  3 phantoms
  A necrophage (D:7)
  3 ogres
  2 centaurs (D:5)
  2 crocodiles
  4 big kobolds
  A wyvern zombie (D:8)
  3 bullfrogs
  A gnoll sergeant (D:7)
  5 wights (D:7)
  5 howler monkeys
  A jelly (D:7)
  2 bullfrog zombies
  2 centaur zombies (D:10)
  A quasit (D:6)
  4 crimson imps
  A bullfrog skeleton (D:10)
  8 hounds
  3 orc priests
  5 iguanas
  Ijyb (D:5)
  5 worker ants
  6 orc wizards
  A hound zombie (D:6)
  A hound skeleton (D:10)
  A worker ant zombie (D:9)
  8 adders
  13 gnolls
  4 shadow imps
  2 oozes (D:3)
  An adder skeleton (D:4)
  An adder zombie (D:5)
  3 worms
  3 dart slugs
  6 leopard geckos
  22 orcs
  7 giant cockroaches
  10 goblins
  8 hobgoblins
  9 jackals
  15 kobolds
  4 quokkas
  A ball python (D:3)
  3 bats
  2 frilled lizards
  A leopard gecko zombie (D:7)
  6 rats
236 creatures vanquished.

Vanquished Creatures (others)
  3 bushes (D:8)
  5 fungi
  16 plants (D:8)
24 creatures vanquished.

Grand Total: 260 creatures vanquished

Notes
Turn   | Place    | Note
-------+----------+-------------------------------------------
     0 | D:1      | hawla the Draconian Conjurer began the quest for the Orb.
     0 | D:1      | Reached XP level 1. HP: 14/14 MP: 3/3
   189 | D:1      | Reached XP level 2. HP: 16/20 MP: 0/5
   513 | D:1      | Reached skill level 3 in Spellcasting
  1084 | D:2      | Reached XP level 3. HP: 26/26 MP: 1/7
  1088 | D:2      | Learned a level 2 spell: Searing Ray
  1595 | D:2      | Found a radiant altar of Vehumet.
  2035 | D:2      | Found a bloodstained altar of Trog.
  2546 | D:3      | Reached XP level 4. HP: 33/33 MP: 5/9
  2552 | D:3      | Learned a level 4 spell: Iskenderun's Mystic Blast
  2825 | D:3      | Reached skill level 1 in Translocations
  3617 | D:3      | Reached XP level 5. HP: 38/38 MP: 6/10
  3700 | D:4      | Found a burning altar of Makhleb.
  4264 | D:4      | Reached XP level 6. HP: 45/45 MP: 1/11
  4635 | D:5      | Entered Level 5 of the Dungeon
  4724 | D:5      | Reached skill level 5 in Translocations
  4796 | D:5      | Noticed a wyvern
  4806 | D:5      | Killed a wyvern
  4920 | D:5      | Your scales start taking on a rich purple colour.
  4920 | D:5      | Reached skill level 4 in Spellcasting
  4920 | D:5      | Reached XP level 7. HP: 28/50 MP: 8/14
  5161 | D:5      | Reached skill level 5 in Spellcasting
  5247 | D:5      | Noticed Ijyb
  5253 | D:5      | Killed Ijyb
  5945 | D:5      | Reached skill level 5 in Conjurations
  5976 | D:5      | Reached XP level 8. HP: 29/57 MP: 0/16
  6239 | D:6      | Reached skill level 6 in Spellcasting
  6643 | D:6      | Found the +8 Wrath of Trog {antimagic, *Rage}
  6725 | D:6      | Found a basalt altar of Yredelemnul.
  6726 | D:6      | Found an ornate altar of the Wu Jian Council.
  6726 | D:6      | Found an opulent altar of Gozag.
  7040 | D:6      | Found a shimmering altar of Xom.
  7081 | D:6      | Found Izeravel's Antique Armour Shoppe.
  7215 | D:7      | Noticed a hippogriff
  7227 | D:7      | Killed a hippogriff
  7511 | D:7      | Reached skill level 7 in Spellcasting
  7645 | D:7      | Found a hide-covered altar of Uskayaw.
  7670 | D:7      | Reached XP level 9. HP: 62/62 MP: 9/19
  7701 | D:7      | Found a blossoming altar of Fedhas.
  8055 | D:7      | Found a stormy altar of Qazlal.
  8092 | D:7      | Found a runed translucent gate.
  8097 | D:7      | Found a runed translucent gate.
  8097 | D:7      | Found a runed translucent gate.
  8402 | D:7      | Found a staircase to the Ecumenical Temple.
  8409 | Temple   | Entered the Ecumenical Temple
  8826 | D:7      | Reached skill level 8 in Spellcasting
  9184 | D:7      | Noticed Fractals's ghost (novice HOCK)
  9211 | D:8      | Found the +6 Majin-Bo {vamp, Archmagi MP+6 Int+6}
  9552 | D:8      | Reached skill level 1 in Fighting
  9552 | D:8      | Reached skill level 9 in Spellcasting
  9581 | D:8      | Reached XP level 10. HP: 41/71 MP: 7/23
  9781 | D:8      | Found a shadowy altar of Dithmenos.
  9782 | D:8      | Found a glowing silver altar of Zin.
 10030 | D:8      | Found a staircase to the Lair.
 10442 | D:8      | Noticed a two-headed ogre
 10451 | D:8      | Killed a two-headed ogre
 10451 | D:8      | Reached skill level 10 in Spellcasting
 11323 | D:9      | Found a white marble altar of Elyvilon.
 11349 | D:9      | Found a staircase to the Orcish Mines.
 11524 | D:9      | Noticed an unseen horror
 11527 | D:9      | Killed an unseen horror
 11527 | D:9      | Reached skill level 11 in Spellcasting
 12289 | D:10     | Entered Level 10 of the Dungeon
 12296 | D:10     | Noticed a two-headed ogre
 12308 | D:9      | Reached XP level 11. HP: 35/79 MP: 20/26
 12426 | D:9      | Reached skill level 10 in Conjurations
 12484 | D:9      | Killed a two-headed ogre
 12622 | D:10     | Noticed Erica
 12742 | D:10     | Killed from afar by Erica

Illustrated notes

Levels and vault maps discovered:
D:1:      dpeg_arrival_boxorama, layout_loops_ring
D:2:      layout_rooms, lightli_temple_of_fire, marbit_many_paths, first_ration
D:3:      layout_loops_ring
D:4:      minmay_spotlight, layout_basic, lemuel_crystal_altar
D:5:      minmay_diamond_boxcup, layout_basic, chequers_decorated_corner,
          uniq_ijyb
D:6:      layout_basic, nicolae_overflow_quartered_altars, serial_shops,
          shop_fountains, hangedman_decor_opposing
D:7:      layout_basic, grunt_temple_overflow_forces_of_nature,
          eat_drink_and_be_merry_uskayaw, minmay_temple_entry_gardened_gates,
          gammafunk_ghost_icy, feat_on_display
D:8:      layout_loops_cross, nicolae_overflow_hidden_temple,
          minmay_lair_entry_grove
D:9:      layout_irregular_city, lemuel_crystal_altar, orc_0_dummy,
          blue_anna_alchemist [blue_anna_fruit_fields, blue_anna_fruit_fields]
D:10:     layout_rooms, serial_shops, shop, chequers_serial_rivers_small_b,
          uniq_erica
Temple:   compressed_dpeg_triangle_lava_temple

Skill      XL: |  1  2  3  4  5  6  7  8  9 10 11 |
---------------+----------------------------------+-----
Spellcasting   | 3 4 5 7 9 11 | 11.4
Translocations | 2 4 6 7 8 9 |  9.3
Conjurations   | 5 6 8 9 10 | 10.1
Dodging        | 2 3 4 |  4.6
Stealth        | 2 3 |  3.1
Fighting       | 1 2 |  2.4

Action                   |  1- 3 |  4- 6 |  7- 9 | 10-12 || total
-------------------------+-------+-------+-------+-------++-------
Melee: Unarmed           |    33 |     2 |    26 |       ||    61
       Tailslap          |     3 |       |       |       ||     3
Throw: Dart              |       |     3 |     3 |       ||     6
 Cast: Magic Dart        |    68 |    49 |   115 |    60 ||   292
       Searing Ray       |     9 |    22 |    77 |    35 ||   143
       Iskenderun's Myst |       |     1 |     4 |    30 ||    35
 Abil: Breathe Dispellin |       |       |     1 |       ||     1
  Use: Scroll            |     5 |     3 |     9 |     4 ||    21
       Potion            |       |       |     3 |     1 ||     4
  Eat: Chunk             |     2 |     8 |    15 |    10 ||    35
       Ration            |     1 |       |       |       ||     1
Armor: Skin              |    15 |     7 |    81 |    58 ||   161
Dodge: Dodged            |    23 |    27 |   111 |   109 ||   270
